 Dungeon Crawl Stone Soup version 0.12.2-14-g7c90c79 (webtiles) character file.

100 MarVin the Skirmisher (level 3, 22/30 HPs)
             Began as a Demonspawn Fighter on Aug 5, 2013.
             Quit the game on Level 2 of the Dungeon.
             The game lasted 00:03:21 (1091 turns).

MarVin the Skirmisher (Demonspawn Fighter)          Turns: 1091, Time: 00:03:21

HP  22/30        AC  9     Str 17      XL: 3   Next: 14%
MP   2/2         EV  4     Int  9      God:
Gold 66          SH 18     Dex 12      Spells:  0 memorised,  2 levels left

Res.Fire  : . . .   See Invis. : .   a - +0 hand axe {=f}
Res.Cold  : . . .   Warding    : .   e - +0 elf chain mail
Life Prot.: . . .   Conserve   : .   c - +0 shield
Res.Poison: .       Res.Corr.  : .   (helmet restricted)
Res.Elec. : .       Clarity    : .   (no cloak)
Sust.Abil.: . .     Spirit.Shd : .   (no gloves)
Res.Mut.  : .       Stasis     : .   (no boots)
Res.Rott. : .       Ctrl.Telep.: .   (no amulet)
Saprovore : . . .   Flight     : .   (no ring)
                                     (no ring)

@: mildly poisoned, not resistant to hostile enchantments, extremely unstealthy
A: horns 1, AC +2
a: no special abilities


You were on level 2 of the Dungeon.
You were not hungry.

You visited 1 branch of the dungeon, and saw 2 of its levels.

You collected 46 gold pieces.

Inventory:

Hand weapons
 a - a +0,+0 hand axe (weapon) {=f}
 s - a +0,+0 hand axe (quivered)
Armour
 b - a +0 scale mail
 c - a +0 shield (worn)
 e - a +0 elven chain mail (worn)
 l - a +0 pair of boots
Comestibles
 d - a bread ration
 r - a chunk of rat flesh
Scrolls
 f - a scroll of enchant armour {unknown}
 h - a scroll of curse jewellery {unknown}
 i - a scroll of identify {unknown}
 k - 2 scrolls of curse armour {unknown}
 p - a scroll of recharging {unknown}
Jewellery
 g - an uncursed amulet of inaccuracy {unknown}
Potions
 j - 2 potions of slowing {unknown}
 m - a potion of curing {unknown}
 o - a potion of poison {unknown}
 q - a potion of speed {unknown}


   Skills:
 + Level 3.2 Fighting
 + Level 1.8 Axes
 + Level 2.8 Armour
 + Level 0.8 Dodging
 + Level 0.2 Stealth
 + Level 3.2 Shields
 + Level 0.1 Traps


You had 2 spell levels left.
You didn't know any spells.

Dungeon Overview and Level Annotations

Branches:
Dungeon (2/27)

Altars:
Ashenzari


Innate Abilities, Weirdness & Mutations

You have a pair of small horns on your head.
You are partially covered in thin metallic scales (AC +2).


Message History

Your shield and chain mail prevent you from hitting the adder.
You block the adder's attack. The adder bites you but does no damage.
Your shield and chain mail prevent you from hitting the adder.
You block the adder's attack.
You closely miss the adder.
You feel sick. The adder bites you but does no damage.
You block the adder's attack.
You miss the adder. The adder bites you. The adder bites you.
You slash the adder!
The adder is severely wounded.
You block the adder's attack. The adder bites you but does no damage.
You hit the adder.
You kill the adder!
You have reached level 3!
Your experience leads to an increase in your attributes!
Increase (S)trength, (I)ntelligence, or (D)exterity?
You feel stronger.
Your demonic ancestry asserts itself...
Thin metallic scales grow over part of your body.
A pair of horns grows on your head!
You feel sick.
Are you sure you want to abandon this character and quit the game? (Confirm with "yes".)

###### ##
####..#.###############.
#.......#...............
#..#@#.#############.
#................# #.
##.#.#.#########.# #. ...#.#.#
#.# #. #############.#.#######
#.# #. ...#.......#'#.......# #.#
#. ## ###.#.####.....######.# #.#
#. . ..............# #.# #.# #.
######.#.###......######.###.###.


There were no monsters in sight!

Vanquished Creatures
  An adder (D:2)
  A giant gecko (D:2)
  An ooze (D:1)
  4 bats
  5 hobgoblins
  3 kobolds
  2 ball pythons
  A giant newt (D:1)
  3 goblins
  2 rats (D:2)
23 creatures vanquished.

Vanquished Creatures (others)
  A giant newt (D:1)
1 creature vanquished.

Grand Total: 24 creatures vanquished

Notes
Turn   | Place    | Note
--------------------------------------------------------------
     0 | D:1      | MarVin, the Demonspawn Fighter, began the quest for the Orb.
     0 | D:1      | Reached XP level 1. HP: 18/18 MP: 0/0
   404 | D:1      | Reached XP level 2. HP: 24/24 MP: 1/1
  1037 | D:2      | Found a shattered altar of Ashenzari.
  1090 | D:2      | Gained mutation: You are partially covered in thin metallic scales (AC +2). [demonic ancestry]
  1090 | D:2      | Gained mutation: You have a pair of small horns on your head. [demonic ancestry]
  1090 | D:2      | Reached XP level 3. HP: 23/30 MP: 2/2
  1091 | D:2      | Quit the game

Action                   || total
-------------------------++-------
Melee: Hand axe          ||   101
